 Dungeon Crawl Stone Soup version 0.28-a0-983-g1de4e0787c (webtiles) character file.

Game seed: 10391566721527555735

76631 enile the Covert (level 15, -1/95 HPs)
             Began as a Vampire Brigand on Dec 2, 2021.
             Was a High Priest of Uskayaw.
             Shot with an arrow by a centaur warrior (11 damage)
             ... on level 1 of the Shoals.
             The game lasted 02:25:40 (39736 turns).

enile the Covert (Vampire Brigand)                 Turns: 39736, Time: 02:25:49

Health: -1/95      AC: 20    Str: 13    XL:     15   Next: 13%
Magic:  0/21       EV: 18    Int: 23    God:    Uskayaw [*****.]
Gold:   175        SH:  6    Dex: 25    Spells: 14/20 levels left

rFire   + . .      SeeInvis +   b - +6 demon trident of Massacring {vamp, rCorr Int+5 Dex+3}
rCold   + + +      Faith    .   R - +0 buckler {AC+3}
rNeg    + + +      Spirit   +   V - +3 acid dragon scales
rPois   ∞          Reflect  .   (no helmet)
rElec   .          Harm     .   J - +2 ratskin cloak {*Rats rPois rN+ Str-1 Int-1 Dex+1}
rCorr   +          Rampage  .   G - +1 pair of gloves
Will    ++...                   K - +0 pair of boots "Qoihon" {rPois Dex+4}
Stlth   ++++++++..              v - amulet of guardian spirit
HPRegen 0.00/turn               u - ring of willpower
MPRegen 0.17/turn               H - ring of the Sun {rF+ rC+ Int+3}

@: bloodless, inhibited regen
A: bloodless, fangs 3, see invisible, vampiric 2
a: Bat Form, Revivify, Renounce Religion, Stomp, Line Pass, Grand Finale


You were on level 1 of the Shoals.
You worshipped Uskayaw.
Uskayaw was aware of your devotion.
You visited 5 branches of the dungeon, and saw 23 of its levels.
You also visited: Bailey and Volcano.

You collected 2186 gold pieces.
You spent 2011 gold pieces at shops.

Inventory:

Hand Weapons
 b - the +6 demon trident of Massacring (weapon) {vamp, rCorr Int+5 Dex+3}
   (You acquired it in a bailey)

   It occasionally heals its wielder for a portion of the damage dealt when it
   wounds a living foe.
   Int:       It affects your intelligence (+5).
   Dex:       It affects your dexterity (+3).
   rCorr:     It protects you from acid and corrosion.
 e - a +1 vampiric halberd
 y - a +9 glaive of draining
 S - a +2 halberd of electrocution
 T - a +1 antimagic spear
Missiles
 w - 5 javelins (quivered)
 N - 9 silver javelins
 X - 83 boomerangs
Armour
 a - the +1 ring mail "Zofowoll" {rElec}
   (You found it on level 6 of the Lair of Beasts)

   rElec:     It insulates you from electricity.
 d - a +1 plate armour of willpower
 i - a +2 cloak
 p - a +2 helmet
 A - a +0 troll leather armour
 G - a +1 pair of gloves (worn)
 J - the +2 ratskin cloak (worn) {*Rats rPois rN+ Str-1 Int-1 Dex+1}
   (You bought it in a shop on level 2 of the Orcish Mines)

   When the wearer is hurt, rats may emerge from it to assist them.
   Str:       It affects your strength (-1).
   Int:       It affects your intelligence (-1).
   Dex:       It affects your dexterity (+1).
   rPois:     It protects you from poison.
   rN:        It protects you from negative energy.
 K - the +0 pair of boots "Qoihon" (worn) {rPois Dex+4}
   (You found it on level 7 of the Dungeon)

   Dex:       It affects your dexterity (+4).
   rPois:     It protects you from poison.
 R - a +0 buckler of protection (worn)
 V - +3 acid dragon scales (worn)
 Y - the +1 chain mail of Gestures {Dex+4 SInv}
   (You found it on level 2 of the Lair of Beasts)

   Dex:       It affects your dexterity (+4).
   SInv:      It lets you see invisible.
 Z - a +1 chain mail of willpower
Jewellery
 o - a +4 ring of protection
 r - a +6 ring of intelligence
 t - a +4 ring of slaying
 u - a ring of willpower (left hand)
 v - an amulet of guardian spirit (around neck)
 E - a ring of magical power
 H - the ring of the Sun (right hand) {rF+ rC+ Int+3}
   (You acquired it on level 4 of the Lair of Beasts)

   [ring of protection from fire]

   Int:       It affects your intelligence (+3).
   rF:        It protects you from fire.
   rC:        It protects you from cold.
 I - a +6 ring of strength
Wands
 l - a wand of paralysis (11)
 M - a wand of iceblast (7)
 Q - a wand of flame (9)
 U - a wand of digging (8)
Scrolls
 g - 3 scrolls of vulnerability
 D - a scroll of blinking
 L - 3 scrolls of fog
Potions
 c - 3 potions of resistance
 f - 3 potions of mutation
 h - 3 potions of haste
 j - 3 potions of attraction
 k - 3 potions of cancellation {unknown}
 m - 11 potions of curing
 n - 4 potions of magic
 q - 2 potions of might
 s - a potion of brilliance
 x - 5 potions of berserk rage
 z - 4 potions of heal wounds {unknown}
 C - 2 potions of experience {unknown}
 F - 3 potions of lignification
 P - 2 potions of flight {unknown}
 W - 5 potions of ambrosia


   Skills:
 + Level 11.2 Fighting
 - Level 6.0 Short Blades
 - Level 10.0 Polearms
 - Level 7.0 Throwing
 - Level 7.2 Armour
 - Level 8.0 Dodging
 - Level 13.0 Stealth
 - Level 3.0 Shields
 - Level 3.0 Unarmed Combat
 - Level 3.0 Spellcasting
 - Level 4.0 Hexes
 - Level 5.0 Necromancy
 - Level 1.0 Air Magic
 - Level 8.0 Invocations
 - Level 9.0 Evocations


You had 14 spell levels left.
You knew the following spells:

 Your Spells              Type           Power      Damage    Failure   Level
a - Vampiric Draining     Necr           26%        2d7       7%          3
b - Confusing Touch       Hex            21%        N/A       11%         3

Your spell library contained the following spells:

 Spells                   Type           Power      Damage    Failure   Level
 Animate Skeleton         Necr           52%        N/A       2%          1
 Pain                     Necr           100%       1d9       2%          1
 Slow                     Hex            84%        N/A       3%          1
 Sublimation of Blood     Necr           26%        N/A       3%          2
 Dazzling Flash           Conj/Hex       24%        N/A       24%         3
 Swiftness                Air            8%         N/A       34%         3
 Hailstorm                Conj/Ice       3%         3d3       87%         4
 Ice Form                 Ice/Tmut       3%         N/A       87%         4
 Olgreb's Toxic Radiance  Pois           3%         N/A       87%         4
 Petrify                  Tmut/Erth      3%         N/A       87%         4
 Summon Mana Viper        Hex/Summ       12%        N/A       91%         5
 Yara's Violent Unravell  Hex/Tmut       6%         3d5       91%         5
 Irradiate                Conj/Tmut      1%         3d14      99%         5
 Simulacrum               Ice/Necr       7%         N/A       100%        6
 Ozocubu's Refrigeration  Ice            1%         4d5       100%        7
 Ignition                 Fire           1%         3d3       100%        8


Dungeon Overview and Level Annotations

Branches:
Dungeon (13/15)            Temple (0/1) D:4            Lair (6/6) D:10
 Shoals (1/4) Lair:3       Spider (0/4) Lair:3        Slime (1/5) Lair:5
    Orc (2/2) D:10            Elf (0/3) Orc:2        Bailey (visited)
Volcano (visited)
 Vaults: D:13-14

Altars:
Ashenzari
Cheibriados
Elyvilon
Fedhas
Kikubaaqudgha
Makhleb
Qazlal
Uskayaw
Wu Jian
Yredelemnul
Beogh
Jiyva

Shops:
D:11 (   D:12 ([   Orc:2 [[((

Portals:
Hell: Lair:6
Bazaar: D:13

Annotations:
D:4 Menkaure
Lair:2 2 transporters, exclusions: hydra and ice statue, kklluuttzz's ghost, journeyman FoEE
Lair:6 exclusion: hell hound


Innate Abilities, Weirdness & Mutations

You do not regenerate when monsters are visible.
You are frail without blood (-20% HP).
You can heal yourself when you bite living creatures.
You are immune to poison.
You have razor-sharp teeth.
You have supernaturally acute eyesight. (SInv)
You are afflicted with vampirism and can become a bat while bloodless.


Message History

The manticore is heavily wounded.
The centaur warrior hits you but does no damage.
The centaur warrior kicks you but does no damage.
The manticore bites you.
* * * LOW HITPOINT WARNING * * *
The manticore claws you but does no damage.
The manticore misses you. The centaur warrior closely misses you.
You block the centaur warrior's attack.
You see here 3 large rocks.
You puncture the centaur warrior!
You feel better.
The centaur warrior is moderately wounded.
The centaur warrior hits you but does no damage.
The centaur warrior closely misses you.
The centaur warrior unwields a +0 whip.
The centaur warrior wields a +0 longbow.
The centaur warrior shoots an arrow.
You block the arrow.
The centaur warrior shoots an arrow.
The arrow hits you!!
* * * LOW HITPOINT WARNING * * *
The manticore is no longer moving slowly.
The centaur warrior unwields a +0 longbow.
The centaur warrior wields a +0 whip.
The centaur warrior hits you with a +0 whip.
* * * LOW HITPOINT WARNING * * *
The centaur warrior kicks you but does no damage.
You see here 3 large rocks.
Press: ? - help, v - describe, . - travel, g - get item Item here: 3 large rocks.
The floor.
As you read the scroll of fear, it crumbles to dust.
You assume a fearsome visage.
The cyclops looks frightened!
The centaur warrior looks frightened!
The manticore looks frightened!
The centaur warrior shouts, "No!
I'll never do that again!"
Uskayaw links your audience in an emotional bond!
Your attack snaps the centaur warrior out of its fear.
Your attack snaps the manticore out of its fear.
The centaur warrior unwields a +0 whip.
The centaur warrior wields a +0 longbow.
The centaur warrior shoots an arrow.
The arrow barely misses you.
The centaur warrior shoots an arrow.
The arrow hits you!
You die...

≈≈≈≈≈.........≈≈
..≈≈≈≈≈≈≈≈≈≈...c.....#
....≈≈≈≈≈≈≈≈≈.#.......##
......≈≈≈≈≈≈≈.#........####≈≈≈≈≈≈
.....≈≈.≈≈.≈≈≈.............≈≈≈≈≈≈
...≈..≈≈≈..≈≈≈............≈≈≈≈≈!
.....≈≈≈?#.≈≈≈.###.######.≈≈≈≈≈≈
#.......≈≈≈.###c#....#.≈≈≈≈≈≈
##..[...≈P..@())#....#.≈.≈≈≈≈
..###......≈≈.#####H#....#...≈≈..
.....<....≈≈≈.# #)##..##.).≈...
..≈≈.....≈≈≈≈.# #......†.......
.≈≈≈..≈.≈≈≈≈≈.## #...≈.)...≈....
.≈≈...≈≈≈≈.>≈.#.. #......P...≈...
.≈≈≈..≈≈≈≈....#...#..P...........
≈.(.≈≈≈≈≈≈..#.#...'.........≈....
≈≈..≈≈≈≈≈≈.##.#...'..P...........


You could see a centaur warrior (pain bonded) and a manticore (fleeing,
poisoned, pain bonded).

Vanquished Creatures
  A stone giant (Shoals:1)
  Erolcha (D:11)
  8 hydras
  Erica (D:11)
  7 two-headed ogres
  4 merfolk aquamancers (Shoals:1)
  A hell knight (Volcano)
  A sun demon (Volcano)
  10 sea snakes (Shoals:1)
  A wizard (Lair:6)
  A harpy (Shoals:1)
  4 orc knights
  A deep elf pyromancer (D:12)
  4 ugly things
  3 orc sorcerers
  A cyclops (D:11)
  An oklob plant (Lair:1)
  5 elephants (Lair:6)
  3 black mambas
  A smoke demon (Lair:6)
  Maggie (D:6)
  4 orange demons (Lair:6)
  12 cane toads
  A gargoyle (D:12)
  2 molten gargoyles (Volcano)
  A kobold demonologist (D:13)
  A rime drake (Lair:6)
  12 komodo dragons
  An ice devil (Lair:6)
  A merfolk (Shoals:1)
  8 trolls
  A queen bee (D:10)
  3 polar bears
  A hornet (D:7)
  12 blink frogs
  A snapping turtle (Shoals:1)
  13 dream sheep
  53 yaks
  A wraith (D:11)
  4 water elementals (Shoals:1)
  7 wyverns
  2 fire bats (Volcano)
  A shadow (D:12)
  A vampire (D:12)
  3 redbacks (Lair:3)
  A steam dragon (Lair:2)
  A vampire mosquito (D:10)
  6 basilisks
  4 wargs
  2 acid dragons
  7 hell hounds
  22 water moccasins
  4 black bears
  34 orc warriors
  A sky beast (D:6)
  An ice beast (D:6)
  2 necrophages
  24 wolves
  6 ogres
  7 centaurs
  A phantom (D:6)
  2 kobold brigands
  13 bullfrogs
  6 gnoll sergeants
  3 scorpions
  A water moccasin skeleton (D:4)
  32 killer bees
  8 wights
  5 howler monkeys
  An electric eel (Lair:4)
  7 lava snakes (Volcano)
  3 bullfrog zombies
  4 centaur zombies
  A gnoll shaman (D:3)
  3 hounds
  14 orc priests
  2 bullfrog skeletons
  28 orc wizards
  2 iguanas (Lair:1)
  A scorpion zombie (D:4)
  A hound skeleton (D:4)
  3 hound zombies
  A howler monkey zombie (D:7)
  52 gnolls
  3 howler monkey skeletons
  5 adders
  3 shadow imps
  A white imp (D:5)
  An adder zombie (D:4)
  3 worms
  3 dart slugs
  75 orcs
  6 ball pythons
  6 endoplasms
  2 giant cockroaches
  9 goblins
  16 hobgoblins
  4 jackals (D:1)
  30 kobolds
  3 quokkas
  8 bats
  4 frilled lizards
  8 rats
712 creatures vanquished.

Vanquished Creatures (collateral kills)
  A catoblepas (Lair:3)
  A water elemental (Shoals:1)
2 creatures vanquished.

Vanquished Creatures (others)
  A sixfirhy (Lair:6)
  2 vampire mosquitoes (D:10)
  56 fungi
  84 plants
  6 withered plants (D:9)
149 creatures vanquished.

Grand Total: 863 creatures vanquished

Notes
Turn   | Place    | Note
-------+----------+-------------------------------------------
     0 | D:1      | enile the Vampire Brigand began the quest for the Orb.
     0 | D:1      | Reached XP level 1. HP: 16/16 MP: 1/1
   158 | D:1      | Reached XP level 2. HP: 16/22 MP: 2/2
   716 | D:1      | Gained mutation: You are afflicted with vampirism and can
                  | become a bat while bloodless. [Vampire growth]
   716 | D:1      | Reached XP level 3. HP: 16/21 MP: 3/3
  1804 | D:2      | Reached XP level 4. HP: 26/28 MP: 4/4
  1932 | D:2      | Reached skill level 1 in Armour
  2367 | D:3      | Found a faded altar of an unknown god.
  2385 | D:3      | Prayed at the altar of an unknown god.
  2385 | D:3      | Became a worshipper of Uskayaw the Reveller
  2385 | D:3      | Reached * piety under Uskayaw
  2398 | D:3      | Noticed a gnoll sergeant
  2603 | D:3      | Reached ** piety under Uskayaw
  2604 | D:3      | Reached XP level 5. HP: 32/32 MP: 5/5
  3473 | D:3      | Reached XP level 6. HP: 38/38 MP: 6/6
  3520 | D:3      | Reached skill level 1 in Unarmed Combat
  3709 | D:3      | Reached skill level 6 in Stealth
  3905 | D:4      | Reached skill level 7 in Stealth
  3914 | D:4      | Found a basalt altar of Yredelemnul.
  4163 | D:4      | Reached XP level 7. HP: 43/43 MP: 7/7
  4372 | D:4      | Reached skill level 8 in Stealth
  4466 | D:4      | Reached skill level 5 in Short Blades
  4466 | D:4      | Reached skill level 1 in Invocations
  4923 | D:4      | Learned a level 3 spell: Vampiric Draining
  4954 | D:4      | Found a staircase to the Ecumenical Temple.
  5434 | D:5      | Entered Level 5 of the Dungeon
  5768 | D:5      | Reached XP level 8. HP: 48/48 MP: 10/10
  5783 | D:5      | Reached skill level 5 in Fighting
  5921 | D:5      | Reached *** piety under Uskayaw
  6010 | D:5      | Noticed Menkaure
  6854 | D:5      | Found a stormy altar of Qazlal.
  6854 | D:5      | Found a broken altar of Ashenzari.
  7737 | D:6      | HP: 2/49 [ogre (15)]
  7740 | D:6      | Reached skill level 9 in Stealth
  8092 | D:6      | Noticed a two-headed ogre
  8125 | D:6      | Killed a two-headed ogre
  8126 | D:6      | Reached XP level 9. HP: 34/55 MP: 7/11
  8302 | D:6      | Reached skill level 1 in Necromancy
  8437 | D:6      | Noticed Maggie
  8449 | D:6      | Killed Maggie
  8450 | D:6      | Reached skill level 1 in Spellcasting
  8645 | D:6      | Reached skill level 1 in Evocations
  8921 | D:6      | Reached skill level 1 in Polearms
 10619 | D:7      | Identified the +0 pair of boots "Qoihon" {rPois Dex+4}
 11096 | D:7      | Reached **** piety under Uskayaw
 11102 | D:7      | Reached XP level 10. HP: 14/61 MP: 7/13
 12356 | D:8      | Reached skill level 5 in Necromancy
 12439 | D:8      | Found a snail-covered altar of Cheibriados.
 12663 | D:8      | Reached skill level 5 in Armour
 13369 | D:9      | Reached skill level 1 in Shields
 13806 | D:9      | Noticed a two-headed ogre
 13824 | D:9      | HP: 2/63 [two-headed ogre (10)]
 13843 | D:9      | Killed a two-headed ogre
 14783 | D:9      | Found a blossoming altar of Fedhas.
 14984 | D:9      | Found an ancient bone altar of Kikubaaqudgha.
 15095 | D:10     | Entered Level 10 of the Dungeon
 15101 | D:10     | Reached skill level 5 in Polearms
 15124 | D:9      | Reached ***** piety under Uskayaw
 15126 | D:9      | Reached skill level 5 in Evocations
 15359 | D:10     | Found a staircase to the Lair.
 15368 | D:10     | Found a staircase to the Orcish Mines.
 15439 | D:10     | Noticed a red ugly thing
 15462 | D:10     | Killed a red ugly thing
 15463 | D:10     | Reached XP level 11. HP: 48/67 MP: 9/14
 15927 | D:10     | Reached skill level 1 in Air Magic
 16803 | D:10     | Found an ornate altar of the Wu Jian Council.
 17507 | D:11     | Noticed Erolcha
 17549 | Lair:1   | Entered Level 1 of the Lair of Beasts
 17549 | Lair:1   | Noticed an oklob plant
 17740 | D:11     | Noticed Erica
 17782 | D:11     | Killed Erica
 17783 | D:11     | Reached skill level 5 in Dodging
 18066 | D:11     | Killed Erolcha
 18703 | D:11     | Reached skill level 10 in Stealth
 19154 | D:11     | Found Afotamah's Antique Weapon Shop.
 19167 | D:11     | Bought a runed halberd for 224 gold pieces
 19398 | D:12     | Noticed a death knight
 19876 | Lair:1   | Reached XP level 12. HP: 71/73 MP: 13/15
 20456 | Lair:1   | Reached skill level 5 in Invocations
 20726 | Lair:1   | Reached skill level 5 in Throwing
 21048 | Lair:1   | Noticed a four-headed hydra
 21993 | Lair:2   | Found a transporter.
 22015 | Lair:2   | Noticed kklluuttzz's ghost (journeyman FoEE)
 22017 | Lair:2   | Noticed a five-headed hydra
 22091 | Lair:2   | Found a transporter.
 22093 | Lair:2   | Noticed an eight-headed hydra
 22163 | Lair:2   | Identified the +1 chain mail of Gestures {Dex+4 SInv}
 22718 | Lair:2   | HP: 1/73 [water moccasin (4)]
 23371 | Lair:3   | Noticed a seven-headed hydra
 23555 | Lair:3   | Found a hole to the Spider Nest.
 23633 | Lair:3   | Noticed a catoblepas
 23636 | Lair:3   | Reached skill level 11 in Stealth
 23950 | Lair:3   | Found a staircase to the Shoals.
 23962 | Lair:3   | Got the Handbook of Air and Malediction
 24101 | Lair:3   | Killed a nine-headed hydra
 24594 | Lair:3   | Reached XP level 13. HP: 80/80 MP: 17/17
 25449 | Lair:4   | Identified a scroll of acquirement
 25449 | Lair:4   | Acquired the ring of the Sun {rF+ rC+ Int+3}
 25797 | Lair:4   | Reached skill level 10 in Fighting
 27042 | Lair:5   | Found a viscous altar of Jiyva.
 27042 | Lair:5   | Found a staircase to the Slime Pits.
 27243 | Lair:6   | Entered Level 6 of the Lair of Beasts
 27940 | Lair:6   | Reached ****** piety under Uskayaw
 28371 | Lair:6   | Learned a level 3 spell: Confusing Touch
 28835 | Lair:6   | Found a burning altar of Makhleb.
 28842 | Lair:6   | Reached XP level 14. HP: 88/88 MP: 19/19
 29319 | Lair:6   | Identified the +1 ring mail "Zofowoll" {rElec}
 29422 | Lair:6   | Found a gateway to Hell.
 29457 | Lair:6   | Identified the +2 scale mail of the Serpent {Fly Will+}
 30290 | Orc:1    | Entered Level 1 of the Orcish Mines
 30416 | Slime:1  | Entered Level 1 of the Pits of Slime
 30416 | Slime:1  | Noticed an azure jelly
 30416 | Slime:1  | Noticed an azure jelly
 31289 | D:12     | Found Dets's Antique Weapon Shoppe.
 31297 | D:12     | Found Ygogh's Armour Shoppe.
 31309 | D:12     | Bought a +1 chain mail of willpower for 264 gold pieces
 31347 | D:12     | Reached skill level 1 in Hexes
 32299 | D:13     | Found a flagged portal.
 32372 | Bailey   | Entered a bailey
 32839 | Bailey   | Acquired the +6 demon trident of Massacring {vamp, rCorr
                  | Int+5 Dex+3}
 32990 | D:13     | Noticed an iron dragon
 32990 | D:13     | Found the +6 shillelagh "Devastator" {shatter}
 33356 | D:10     | Reached skill level 10 in Polearms
 34776 | Orc:2    | Entered Level 2 of the Orcish Mines
 35341 | Orc:2    | Found a dark tunnel.
 35356 | Volcano  | Entered a volcano
 35873 | Volcano  | Found a bloodstained altar of Trog.
 36699 | Orc:2    | Found a staircase to the Elven Halls.
 36722 | Orc:2    | Reached skill level 12 in Stealth
 36747 | Orc:2    | HP: 3/90 [orc warrior (12)]
 37276 | Orc:2    | Noticed an orc warlord
 38242 | Orc:2    | Found Vopryit's Weapon Emporium.
 38396 | Orc:2    | Found Upnuasil's Antique Armour Shoppe.
 38414 | Orc:2    | Bought the +2 ratskin cloak {*Rats rPois rN+ Str-1 Int-1
                  | Dex+1} for 834 gold pieces
 38414 | Orc:2    | Found the +2 ratskin cloak {*Rats rPois rN+ Str-1 Int-1
                  | Dex+1}
 38428 | Orc:2    | Bought a runed cloak for 225 gold pieces
 38463 | Orc:2    | Found Riokk's Antique Weapon Shoppe.
 38466 | Orc:2    | Found Letes's Antique Armour Emporium.
 38473 | Orc:2    | Bought a shiny buckler for 232 gold pieces
 38482 | Orc:2    | Bought a shiny helmet for 232 gold pieces
 38672 | D:13     | Found a gateway to a bazaar.
 39398 | Shoals:1 | Entered Level 1 of the Shoals
 39495 | Shoals:1 | Reached skill level 13 in Stealth
 39529 | Shoals:1 | Reached XP level 15. HP: 80/94 MP: 13/21
 39736 | Shoals:1 | Shot with an arrow by a centaur warrior

Illustrated notes

Levels and vault maps discovered:
D:1:      sevenhm_arrival_forest_fort_large_2, layout_rooms, serial_glass,
          glass_columns_a, glass_columns_b, minmay_split_cup_large
D:2:      layout_rooms
D:3:      layout_rooms, elyvilon_altar_3,
          shapermc_ecumenical_altar_mp_urbaneastern
D:4:      layout_loops_ring, nicolae_yredelemnul_corpse_copse,
          lemuel_temple_firewalk_a
D:5:      layout_basic, gammafunk_temple_overflow_wave, minmay_holes,
          uniq_menkaure
D:6:      layout_gridville, uniq_maggie
D:7:      layout_cave_pods
D:8:      layout_basic, kennysheep_slug_shrine, nicolae_wwwww,
          grunt_decor_mini_mirrors
D:9:      layout_loops_cross, grunt_temple_overflow_growth_and_decay
D:10:     layout_roguey [special_room_bee], mainiacjoe_overflow_alcove_1,
          lair_entry_dummy, serial_glass, glass_columns_b, glass_columns_a,
          item_on_display_a
D:11:     layout_long_grid, serial_shops, nicolae_shop_window_shopping,
          uniq_erolcha, uniq_erica
D:12:     layout_stronghold, serial_shops, nicolae_stop_n_shop_2,
          nicolae_inconvenience_store, grunt_ministairs_15
D:13:     minmay_roctagon, layout_rooms, serial_shops, bzr_in_the_mist,
          enter_bailey_8, serial_corexii_hall, corexii_hall_statues_u,
          chequers_hall_statues_y, led_xom_imps
Lair:1:   beast_lair_carwin_large_2, layout_cave_pods, special_room,
          eino_small_chamber_without_monster, dpeg_stationary_puzzle,
          serial_bayou_shore_a, grunt_megastairs_1, lemuel_fruit_tree
Lair:2:   layout_cave_pods, nzn_ghost_randoct, nicolae_quartered_pool_impasse,
          beast_lair_carwin_11, infiniplex_staircase_pool_2
Lair:3:   layout_cave_pods, minmay_shoals_entry_centaurs, spider_nest_entry_webs
Lair:4:   layout_gridlike, eino_small_chamber_without_monster
Lair:5:   layout_small_grid, dpeg_slime_entry_enclosed_altar
Lair:6:   evil_forest, layout_regular_city
Shoals:1: cheibrodos_shoals_three_sisters, layout_shoals,
          hangedman_shoals_cup_caves
Slime:1:  layout_caves
Orc:1:    layout_caves
Orc:2:    grunt_orc_community_town_hall, layout_diamond_mine,
          grunt_orc_community_big_house_2, grunt_orc_community_big_house_1,
          grunt_orc_community_house_1, grunt_orc_community_house_1,
          grunt_orc_community_house_3, grunt_orc_community_house_2,
          grunt_orc_community_house_2, nicolae_volcano_entry_hallway

Skill      XL: |  1  2  3  4  5  6  7  8  9 10 11 12 13 14 15 |
---------------+----------------------------------------------+-----
Fighting       | 2 3 4 6 7 8 9 10 11 | 11.2
Dodging        | 2 3 4 5 7 8 |  8.0
Short Blades   | 3 4 5 6 |  6.0
Throwing       | 2 3 4 6 7 |  7.0
Armour         | 1 2 3 4 5 6 7 |  7.2
Unarmed Combat | 1 3 |  3.0
Stealth        | 7 8 9 10 11 13 | 13.0
Invocations    | 3 4 6 7 8 |  8.0
Necromancy     | 4 5 |  5.0
Spellcasting   | 1 2 3 |  3.0
Evocations     | 2 5 6 8 9 |  9.0
Polearms       | 3 5 7 8 9 10 | 10.0
Shields        | 1 3 |  3.0
Air Magic      | 1 |  1.0
Hexes          | 4 |  4.0

Action                   |  1- 3 |  4- 6 |  7- 9 | 10-12 | 13-15 || total
-------------------------+-------+-------+-------+-------+-------++-------
Melee: Dagger            |   119 |   142 |   227 |       |       ||   488
       Bite              |    13 |    21 |    40 |    68 |   133 ||   275
       Punch             |       |     1 |     3 |       |     9 ||    13
       Glaive            |       |       |   123 |   531 |   403 ||  1057
       Demon trident     |       |       |       |       |   667 ||   667
Throw: Dart              |     9 |    11 |    40 |    55 |    13 ||   128
       Javelin           |       |       |       |    23 |    75 ||    98
 Cast: Vampiric Draining |       |       |     1 |     8 |     1 ||    10
       Confusing Touch   |       |       |       |       |     4 ||     4
Invok: Stomp             |       |       |       |     2 |       ||     2
 Abil: Exsanguinate      |     3 |       |       |       |       ||     3
       End Transformatio |       |       |       |     1 |     1 ||     2
       Bat Form          |       |       |       |     1 |     1 ||     2
Evoke: Wand              |       |       |     2 |    43 |    43 ||    88
  Use: Scroll            |     1 |     4 |     4 |    17 |    23 ||    49
       Potion            |       |       |       |     1 |     4 ||     5
 Stab: Sleeping          |    12 |    17 |    14 |    23 |    30 ||    96
       Distracted        |     1 |       |       |     3 |     8 ||    12
       Paralysed         |       |       |     4 |    38 |    61 ||   103
Armor: Robe              |    31 |     7 |       |       |       ||    38
       Leather armour    |       |    32 |    38 |       |       ||    70
       Swamp dragon scal |       |       |   130 |    77 |       ||   207
       Acid dragon scale |       |       |       |   322 |   477 ||   799
       Chain mail        |       |       |       |       |    73 ||    73
Dodge: Dodged            |    53 |    61 |   251 |   587 |   781 ||  1733
Block: Buckler           |       |       |       |       |    50 ||    50

Table legend: (Time is in decaauts)
 A = Elapsed time spent in this place.
 B = Non-inter-level travel time spent in this place.
 C = Inter-level travel time spent in this place.
 D = Time resting spent in this place.
 E = Time spent auto-exploring this place.
 F = Levels seen in this place.
 G = Mean time per level.
                   A        B        C        D        E       F      G
               +--------+--------+--------+--------+--------+-----+--------+
         Total |  39931 |  37369 |   2562 |   5986 |  23018 |  25 | 1597.2 |
       Dungeon |  23152 |  21601 |   1551 |   3161 |  14115 |  13 | 1780.9 |
          Lair |  11604 |  10678 |    926 |   2020 |   6386 |   6 | 1934.0 |
        Shoals |    314 |    314 |      0 |      0 |    132 |   1 |  314.0 |
    Slime Pits |      6 |      6 |      0 |      0 |      0 |   1 |    6.0 |
  Orcish Mines |   3249 |   3166 |     83 |    558 |   1584 |   2 | 1624.5 |
        Bailey |    603 |    603 |      0 |    100 |    263 |   1 |  603.0 |
       Volcano |   1000 |   1000 |      0 |    147 |    538 |   1 | 1000.0 |
               +--------+--------+--------+--------+--------+-----+--------+

Top non-repeatable levels by time:
    D:10: 3860 daAuts
  Lair:6: 2717 daAuts
     D:6: 2559 daAuts
  Lair:1: 2324 daAuts
     D:4: 2106 daAuts
     D:7: 2052 daAuts
     D:9: 2007 daAuts
  Lair:3: 1877 daAuts
  Lair:2: 1877 daAuts
   Orc:2: 1814 daAuts
     D:5: 1716 daAuts
    D:11: 1673 daAuts
    D:12: 1605 daAuts
  Lair:4: 1525 daAuts
     D:1: 1491 daAuts
